 Dungeon Crawl Stone Soup version 0.32-a0-938-g40ac7a0f4d (webtiles) character file.

Game seed: 7207706757480677225

32 uglyjohn the Changeling (level 3, -1/29 HPs)
             Began as a Draconian Shapeshifter on Apr 15, 2024.
             Slain by Terence
             ... wielding a +4 falchion
              (3 damage)
             ... on level 2 of the Dungeon.
             The game lasted 00:01:35 (1362 turns).

uglyjohn the Changeling (Draconian Shapeshifter)    Turns: 1362, Time: 00:01:35

Health: -1/29      AC:  5    Str: 16    XL:     3   Next: 8%
Magic:  3/3        EV: 11    Int: 12    God:
Gold:   53         SH:  0    Dex: 10    Spells: 2/2 levels left

rFire   . .          .
                       - Unarmed
rCold   . . .        (no shield)
rNeg    . . .        (body armour unavailable)
rPois   .            (helmet currently unavailable)
rElec   .            (cloak currently unavailable)
rCorr   .            (gloves currently unavailable)
SInv    .            (boots currently unavailable)
Will    .....        (no amulet)
Stlth   +            (no ring)
HPRegen 0.24/turn    (no ring)
MPRegen 0.08/turn

%: no passive effects
@: beast-form
A: beast (slay +1), AC +5, unfitting armour, cold-blooded
a: Begin Untransformation


You were on level 2 of the Dungeon.
You were a hulking beast.
You visited 1 branch of the dungeon, and saw 2 of its levels.

You collected 53 gold pieces.

Inventory:

Armour
 k - a +0 pair of boots
Talismans
 b - a beast talisman (active)
 c - a flux talisman
Scrolls
 d - a scroll of revelation {unknown}
 f - a scroll of identify {unknown}
 g - a scroll of brand weapon {unknown}
 i - a scroll of enchant weapon {unknown}
 j - a scroll of vulnerability {unknown}
Potions
 a - a potion of lignification
 e - a potion of ambrosia {unknown}
 h - a potion of curing {unknown}


   Skills:
 + Level 1.7 Fighting
 + Level 2.1 Dodging
 + Level 3.2 Unarmed Combat
 * Level 3.4 Shapeshifting


You had 2 spell levels left.
You didn't know any spells.
Your spell library contained the following spells:

 Spells                   Type           Power      Damage    Failure   Level
 Fugue of the Fallen      Necr           0%         N/A       69%         3
 Ozocubu's Armour         Ice            0%         N/A       69%         3
 Manifold Assault         Tloc           0%         N/A       100%        7


Dungeon Overview and Level Annotations

Branches:
Dungeon (2/15)

Altars:

Annotations:
D:2 Terence


Innate Abilities, Weirdness & Mutations

You are a hulking beast.
Your limbs bulge with bestial killing power. (Slay +1)
Your plain brown scales are hard. (AC +5)
You cannot fit into any form of body armour.
You are cold-blooded and may be slowed by cold attacks.


Message History

Terence is severely wounded.
Terence hits you with a +4 falchion. The goblin closely misses you.
You hit Terence but do no damage. You tail-slap Terence.
Terence is severely wounded.
Terence hits you with a +4 falchion. The goblin hits you with a +0 dagger.
You closely miss Terence.
Terence is severely wounded.
Terence closely misses you. The goblin barely misses you.
You barely miss Terence.
Terence is severely wounded.
Terence hits you with a +4 falchion. The goblin closely misses you.
A ribbon worm comes into view.
You hit Terence.
Terence is almost dead.
Terence hits you with a +4 falchion! The goblin closely misses you.
You hit Terence but do no damage.
Your tail-slap misses Terence.
Terence is almost dead.
Terence hits you with a +4 falchion!
* * * LOW HITPOINT WARNING * * *
The goblin hits you with a +0 dagger.
* * * LOW HITPOINT WARNING * * *
You hit Terence but do no damage.
Terence is almost dead.
Terence barely misses you. The goblin hits you but does no damage.
Unknown command.
You hit Terence.
Terence is almost dead.
Terence closely misses you. The goblin hits you but does no damage.
Unknown command.
You barely miss Terence.
Terence is almost dead.
Terence barely misses you. The goblin hits you but does no damage.
You hit Terence but do no damage.
Terence is almost dead.
Terence barely misses you. The goblin hits you but does no damage.
You barely miss Terence.
Terence is almost dead.
Terence hits you with a +4 falchion.
You die...
Terence says, "Time to find some more victims."

#..# #.# #..#
#.#+###### #...
######.........[ #...
................ #...
?............. #...
............ #...
#g......... #..#
######.h...?.... #...
........@........ #...
#######...#+#### ####
###w....#############
......................
......#...#####.#######
..........# #.#....<.
..........# #.#.####.
....#...#.. #.#.##...


You could see Terence, a ribbon worm and a goblin.

Vanquished Creatures
  A dart slug (D:1)
  4 endoplasms (D:1)
  2 giant cockroaches
  4 goblins
  2 hobgoblins (D:1)
  3 kobolds
  2 quokkas (D:2)
  2 ball pythons (D:1)
  A bat (D:1)
  A frilled lizard (D:1)
  5 rats
27 creatures vanquished.

Notes
Turn   | Place    | Note
-------+----------+-------------------------------------------
     0 | D:1      | uglyjohn the Draconian Shapeshifter began the quest for the
                  | Orb.
     0 | D:1      | Reached XP level 1. HP: 16/16 MP: 1/1
   294 | D:1      | Reached XP level 2. HP: 12/23 MP: 2/2
   642 | D:1      | Found a faded altar of an unknown god.
  1172 | D:2      | Reached XP level 3. HP: 29/29 MP: 3/3
  1343 | D:2      | Noticed Terence
  1357 | D:2      | HP: 1/29 [goblin/+0 dagger (3)]
  1362 | D:2      | Slain by Terence

Illustrated notes

Levels and vault maps discovered:
D:1:      dpeg_arrival_water_temple_mockup, layout_loops_corners,
          basic_ecumenical_altar, minivault_25
D:2:      layout_basic, uniq_terence

Skill      XL: |  1  2 |
---------------+-------+-----
Dodging        | 2 |  2.1
Fighting       | |  1.7
Unarmed Combat | |  3.2
Shapeshifting  | |  3.4

Action                     || total
---------------------------++-------
  Melee: Unarmed           ||    76
         Tailslap          ||     5
         Punch             ||     1
   Stab: Sleeping          ||     2
 Armour: Skin              ||    47
  Dodge: Dodged            ||    38

Table legend: (Time is in decaauts)
 A = Elapsed time spent in this place.
 B = Non-inter-level travel time spent in this place.
 C = Inter-level travel time spent in this place.
 D = Time resting spent in this place.
 E = Time spent auto-exploring this place.
 F = Levels seen in this place.
 G = Mean time per level.
                   A        B        C        D        E       F      G
               +--------+--------+--------+--------+--------+-----+--------+
         Total |   1356 |   1316 |     40 |     65 |   1032 |   2 |  678.0 |
       Dungeon |   1356 |   1316 |     40 |     65 |   1032 |   2 |  678.0 |
               +--------+--------+--------+--------+--------+-----+--------+

Top non-repeatable levels by time:
     D:1: 1060 daAuts
     D:2: 296 daAuts
